 Dungeon Crawl Stone Soup version 0.22.1-1-ga44c0e5 (webtiles) character file.

112 lorenzova the Conjurer (level 4, 0/24 HPs)
             Began as a Deep Elf Conjurer on Oct 23, 2018.
             Slain by a gnoll
             ... wielding a +0 spear
              (9 damage)
             ... on level 3 of the Dungeon.
             The game lasted 00:04:25 (2661 turns).

lorenzova the Conjurer (Deep Elf Conjurer)          Turns: 2661, Time: 00:04:26

Health: 0/24       AC:  2    Str:  5    XL:     4   Next: 64%
Magic:  3/13       EV: 17    Int: 21    God:
Gold:   125        SH:  0    Dex: 15    Spells: 6/13 levels left

rFire    . . .     SeeInvis .   d - +0 dagger
rCold    . . .     Gourm    .   (no shield)
rNeg     . . .     Faith    .   a - +0 robe
rPois    .         Spirit   .   (no helmet)
rElec    .         Reflect  .   (no cloak)
rCorr    .         Harm     .   (no gloves)
MR       +....                  (no boots)
Stlth    ++........             (no amulet)
HPRegen  0.08/turn              f - ring of protection from magic
MPRegen  0.13/turn              h - +4 ring of evasion

@: no status effects
A: no striking features
a: no special abilities


You were on level 3 of the Dungeon.
You were not hungry.

You visited 1 branch of the dungeon, and saw 3 of its levels.

You collected 125 gold pieces.

Inventory:

Hand Weapons
 d - a +0 dagger (weapon)
Armour
 a - a +0 robe (worn)
Jewellery
 f - a ring of protection from magic (left hand)
 h - a +4 ring of evasion (right hand)
Scrolls
 b - 3 scrolls of amnesia {unknown}
 e - 2 scrolls of identify {unknown}
 g - 2 scrolls of remove curse {unknown}
Comestibles
 c - 6 rations
 i - a chunk of flesh


   Skills:
 - Level 2.4 Dodging
 - Level 2.4 Stealth
 + Level 5.1 Spellcasting
 + Level 5.6 Conjurations


You had 6 spell levels left.
You knew the following spells:

 Your Spells              Type           Power        Failure   Level  Hunger
a - Magic Dart            Conj           ####         1%          1    None
b - Searing Ray           Conj           ####..       1%          2    None
c - Iskenderun's Mystic   Conj           ####....     11%         4    ####...

Your spell library contained the following spells:

 Spells                   Type           Power        Failure   Level  Hunger
 Dazzling Spray           Conj/Hex       ###...       10%         3    ##.....
 Force Lance              Conj/Tloc      ###.....     32%         4    ####...
 Fulminant Prism          Conj/Hex       ###.......   32%         4    ####...


Dungeon Overview and Level Annotations

Branches:
Dungeon (3/15)

Altars:
Qazlal

Annotations:
D:2 Robin


Message History

The magic dart hits the gnoll.
The gnoll is heavily wounded.
The gnoll completely misses you.
Casting: Magic Dart (safe; 1% risk of failure)
Confirm with . or Enter, or press ? or * to list all spells.
Aiming: Magic Dart (safe; 1% risk of failure)
Press: ? - help, Shift-Dir - straight line, f/p - gnoll
Aim: a gnoll, wielding a spear (heavily wounded)
The magic dart hits the gnoll.
The gnoll is severely wounded.
The gnoll hits you from afar with a spear!
Casting: Magic Dart (safe; 1% risk of failure)
Confirm with . or Enter, or press ? or * to list all spells.
Aiming: Magic Dart (safe; 1% risk of failure)
Press: ? - help, Shift-Dir - straight line, f/p - gnoll
Aim: a gnoll, wielding a spear (severely wounded)
The magic dart hits the gnoll.
The gnoll is almost dead.
The gnoll hits you from afar with a spear!
You die...

##### ###...
#...) #.#g#
#.#.# ###
#.#@# ##.##
###.#.###...
##.#.##
#.......†....
##†###.##
#.#.#.###....
#.## ##.#
#.#.#... ..
##.###.##
#.#.#####
##†#..#
##.#.#
###.#.#
#..#..
#...#.#
#..########


You could see a gnoll.

Vanquished Creatures
  3 adders
  A gnoll (D:3)
  2 dart slugs (D:2)
  A giant cockroach (D:1)
  14 goblins
  6 hobgoblins
  12 jackals
  8 kobolds
  2 quokkas
  A ball python (D:1)
  5 bats
  A frilled lizard (D:1)
  7 rats
63 creatures vanquished.

Notes
Turn   | Place    | Note
-------+----------+-------------------------------------------
     0 | D:1      | lorenzova the Deep Elf Conjurer began the quest for the
                  | Orb.
     0 | D:1      | Reached XP level 1. HP: 10/10 MP: 6/6
   190 | D:1      | Reached XP level 2. HP: 14/15 MP: 5/8
   194 | D:1      | Learned a level 2 spell: Searing Ray
  1157 | D:1      | Reached skill level 5 in Conjurations
  1157 | D:1      | Reached XP level 3. HP: 19/19 MP: 8/10
  1492 | D:2      | Noticed Robin
  1990 | D:2      | Reached XP level 4. HP: 24/24 MP: 5/12
  1996 | D:2      | Learned a level 4 spell: Iskenderun's Mystic Blast
  2331 | D:2      | Reached skill level 5 in Spellcasting
  2478 | D:2      | Found a stormy altar of Qazlal.
  2661 | D:3      | Slain by a gnoll

Skill      XL: |  1  2  3  4 |
---------------+-------------+-----
Spellcasting   | 4 5 |  5.1
Conjurations   | 5 |  5.6
Dodging        | |  2.4
Stealth        | |  2.4

Action                   |  1- 3 |  4- 6 || total
-------------------------+-------+-------++-------
Melee: Unarmed           |     7 |       ||     7
       Dagger            |    22 |       ||    22
 Cast: Magic Dart        |    74 |    39 ||   113
       Searing Ray       |     2 |     1 ||     3
  Use: Potion            |     1 |       ||     1
  Eat: Chunk             |     2 |     3 ||     5
Armor: Robe              |    11 |     1 ||    12
       Skin              |    14 |       ||    14
Dodge: Dodged            |    43 |    11 ||    54
